 Dungeon Crawl Stone Soup version 0.21.1-1-g345015f (webtiles) character file.

708 Krilegs the Changer (level 7, 0/68 HPs)
             Began as a White Draconian Transmuter on May 6, 2018.
             Was a Believer of Ru.
             Slain by a steam dragon (9 damage)
             ... on level 6 of the Dungeon.
             The game lasted 00:58:33 (5755 turns).

Krilegs the Changer (White Draconian Transmuter)    Turns: 5755, Time: 00:58:34

Health: 0/68       AC:  5    Str: 14    XL:     7   Next: 40%
Magic:  7/11       EV: 11    Int: 14    God:    Ru [**....]
Gold:   332        SH:  0    Dex: 11    Spells: 7/12 levels left

rFire    x . .     SeeInvis +     - Unarmed
rCold    + + +     Gourm    .   (shield currently unavailable)
rNeg     . . .     Faith    .   (armour unavailable)
rPois    +         Spirit   .   (helmet currently unavailable)
rElec    .         Reflect  .   (cloak currently unavailable)
rCorr    +         Harm     +   (gloves currently unavailable)
MR       +....                  (boots currently unavailable)
Stlth    +.........             h - amulet of harm
HPRegen  0.21/turn              v - ring of resist corrosion
MPRegen  0.12/turn              i - ring of wizardry

@: short of breath, ice-form, flying
A: large, (breathe frost), unfitting armour, see invisible, magic resistance 1,
inexperienced 1, AC +6
a: End Transformation, Renounce Religion


You were on level 6 of the Dungeon.
You worshipped Ru.
Ru was pleased with you.
You were not hungry.
You were a creature of crystalline ice.
You visited 2 branches of the dungeon, and saw 7 of its levels.

You collected 332 gold pieces.

Inventory:

Hand Weapons
 g - a +0 scythe
 k - a +2 hand axe of chopping (melded)
 p - a +0 blowgun
Missiles
 a - 47 poisoned needles
 d - 13 bolts
 e - 3 tomahawks of returning (quivered)
 m - 6 tomahawks
 r - 39 arrows
Armour
 q - a +3 buckler (melded)
Jewellery
 f - an uncursed ring of protection from fire
 h - an amulet of harm (around neck)
 i - a ring of wizardry (right front paw)
 v - a ring of resist corrosion (left front paw)
Wands
 j - a wand of flame (15)
 l - a wand of disintegration (20)
Scrolls
 n - 3 scrolls of identify
 o - 2 scrolls of amnesia
 t - 2 scrolls of enchant armour
Books
 b - a book of Changes

   Spells                             Type                      Level
   a - Beastly Appendage              Transmutation                1
   b - Sticks to Snakes               Transmutation                2
   c - Spider Form                    Transmutation/Poison         3
   d - Ice Form                       Ice/Transmutation            4
   e - Blade Hands                    Transmutation                5
 w - a book of Conjurations

   Spells                             Type                      Level
   a - Magic Dart                     Conjuration                  1
   b - Searing Ray                    Conjuration                  2
   c - Dazzling Spray                 Conjuration/Hexes            3
   d - Fulminant Prism                Conjuration/Hexes            4
   e - Force Lance                    Conjuration/Translocation    4
   f - Iskenderun's Mystic Blast      Conjuration                  4
Comestibles
 c - 4 rations


   Skills:
 + Level 3.1 Fighting
   Level 0.2 Short Blades
 + Level 4.2 Axes
   Level 0.3(2.6) Maces & Flails
 + Level 2.0 Throwing
 + Level 3.7 Dodging
 + Level 1.1 Stealth
 + Level 1.1 Shields
 + Level 4.1 Unarmed Combat
 + Level 3.2 Spellcasting
 * Level 4.5 Transmutations
 * Level 3.6 Ice Magic
   Level 0.1 Poison Magic


You had 7 spell levels left.
You knew the following spells:

 Your Spells              Type           Power        Failure   Level  Hunger
a - Beastly Appendage     Tmut           ###...       1%          1    #......
b - Ice Form              Ice/Tmut       ##......     16%         4    #####..


Dungeon Overview and Level Annotations

Branches:
Dungeon (6/15)             Temple (1/1) D:4

Altars:
Cheibriados
Dithmenos
Elyvilon
Fedhas
Gozag
Hepliaklqana
Makhleb
Nemelex Xobeh
Okawaru
Qazlal
Ru
Sif Muna
Trog
Uskayaw
Vehumet
Wu Jian
Xom
Yredelemnul
Zin
The Shining One

Shops:
D:5 ?


Innate Abilities, Weirdness & Mutations

((You can breathe waves of freezing cold.))
((You can buffet flying creatures when you breathe cold.))
((Your icy white scales are hard. (AC +6)))
You cannot fit into any form of body armour.
((Your flesh is cold resistant. (rC+)))
((You are cold-blooded and may be slowed by cold attacks.))
You are somewhat inexperienced. (-2 XL)
((You have a beak for a mouth.))
You have supernaturally acute eyesight. (SInv)
((Your flesh is heat resistant. (rF+)))
You are resistant to hostile enchantments. (MR+)


Message History

You can't do that yet.
Wield which item (- for none, * to show all)? (? for menu, Esc to quit)
Okay, then.
Casting: Beastly Appendage
Confirm with . or Enter, or press ? or * to list all spells.
Your talons disappear.
You turn into a creature of crystalline ice.
Your +2 hand axe of chopping melds into your body.
Your +3 buckler melds into your body.
The steam dragon barely misses you. x2
You redirect the steam dragon's attack!
The steam dragon closely misses the steam dragon.
The steam dragon claws the steam dragon but does no damage.
You hit the steam dragon. You freeze the steam dragon.
The steam dragon is heavily wounded.
The steam dragon is stunned by your will and fails to attack.
You punch the steam dragon! You freeze the steam dragon.
You kill the steam dragon!
The steam dragon scales are intact enough to wear.
The steam dragon bites you!
You die...

## ... #.# #.# ## ..# #######
##P^## ..# #..≈P.###
#######≈P≈P≈. ..#
#..^≈.P.#######≈^≈P.≈^.....
..####...PP.≈..≈≈D..............
................Y[a....≈≈P.≈....
....##..≈..P.....#########.≈....
....##..≈P######## #≈^P.P
....####### #PP≈# ....# ####
.###### ......# ......# ........


You could see a steam dragon and a worker ant.

Vanquished Creatures
  Grinder (D:6)
  Sigmund (D:3)
  A steam dragon (D:6)
  A phantom (D:6)
  A bullfrog (D:6)
  A scorpion (D:5)
  A howler monkey (D:5)
  A bullfrog zombie (D:3)
  3 hounds
  2 orc wizards (D:5)
  Jessica (D:3)
  3 iguanas
  3 worker ants
  A gnoll (D:1)
  7 adders
  A shadow imp (D:3)
  An ooze (D:4)
  An adder skeleton (D:4)
  5 dart slugs
  3 leopard geckos
  11 orcs
  A ball python (D:2)
  5 giant cockroaches
  7 goblins
  2 hobgoblins
  6 jackals (D:1)
  5 kobolds
  3 quokkas
  10 bats
  9 frilled lizards
  2 leopard gecko skeletons (D:4)
  A quokka skeleton (D:5)
  A quokka zombie (D:5)
  5 rats
  9 fungi (D:6)
  A plant (Temple)
117 creatures vanquished.

Vanquished Creatures (others)
  A fungus (D:6)
1 creature vanquished.

Grand Total: 118 creatures vanquished

Notes
Turn   | Place    | Note
-------+----------+-------------------------------------------
     0 | D:1      | Krilegs the Draconian Transmuter began the quest for the Orb.
     0 | D:1      | Reached XP level 1. HP: 16/16 MP: 3/3
    78 | D:1      | Reached XP level 2. HP: 21/23 MP: 1/5
   301 | D:1      | Found an iron altar of Okawaru.
   582 | D:1      | Reached XP level 3. HP: 20/28 MP: 4/6
   668 | D:1      | Learned a level 3 spell: Spider Form
  1380 | D:2      | Found a deep blue altar of Sif Muna.
  1380 | D:2      | Found a shadowy altar of Dithmenos.
  1380 | D:2      | Found a sparkling altar of Nemelex Xobeh.
  1468 | D:2      | Reached XP level 4. HP: 30/35 MP: 7/7
  1840 | D:3      | Reached skill level 1 in Axes
  1841 | D:3      | Found a radiant altar of Vehumet.
  2111 | D:3      | Reached XP level 5. HP: 21/41 MP: 6/8
  2336 | D:3      | Noticed Jessica
  2347 | D:3      | Killed Jessica
  2347 | D:3      | Reached skill level 1 in Throwing
  2387 | D:3      | Learned a level 4 spell: Ice Form
  2675 | D:3      | Noticed Sigmund
  2687 | D:3      | Killed Sigmund
  2687 | D:3      | Reached XP level 6. HP: 50/50 MP: 5/9
  3027 | D:3      | Found a sacrificial altar of Ru.
  3036 | D:3      | Became a worshipper of Ru the Awakened
  3347 | D:3      | You fall through a shaft!
  3643 | D:4      | Found a glowing drain.
  3664 | D:4      | Your scales start taking on an icy white colour.
  3664 | D:4      | Reached skill level 1 in Ice Magic
  3664 | D:4      | Reached XP level 7. HP: 40/56 MP: 9/11
  3664 | D:4      | Gained mutation: Your flesh is cold resistant. (rC+) [White Draconian growth]
  3995 | D:4      | Found a staircase to the Ecumenical Temple.
  4004 | Temple   | Entered the Ecumenical Temple
  4457 | D:4      | Found a burning altar of Makhleb.
  4614 | D:4      | Gained mutation: Your muscles are strong. (Str +2) [potion of mutation]
  4614 | D:4      | Gained mutation: You are robust. (+10% HP) [potion of mutation]
  4614 | D:4      | Gained mutation: Your body sometimes deteriorates upon taking damage. [potion of mutation]
  4614 | D:4      | Gained mutation: You have an increased reservoir of magic. (+10% MP) [potion of mutation]
  4620 | D:5      | Entered Level 5 of the Dungeon
  4993 | D:5      | Gained mutation: You are somewhat inexperienced. (-2 XL) [Ru sacrifice]
  4993 | D:5      | Reached XP level 6. HP: 55/55 MP: 11/11
  4993 | D:5      | Reached XP level 5. HP: 48/48 MP: 10/10
  4993 | D:5      | Reached * piety under Ru
  4993 | D:5      | Reached ** piety under Ru
  5005 | D:5      | Found Xeewenyc's Magic Scroll Boutique.
  5029 | D:5      | Lost mutation: Your muscles are strong. (Str +2) [potion of mutation]
  5029 | D:5      | Lost mutation: You are robust. (+10% HP) [potion of mutation]
  5029 | D:5      | Lost mutation: Your body sometimes deteriorates upon taking damage. [potion of mutation]
  5029 | D:5      | Lost mutation: You have an increased reservoir of magic. (+10% MP) [potion of mutation]
  5029 | D:5      | Gained mutation: Scrolls take you a little longer to read. [potion of mutation]
  5029 | D:5      | Gained mutation: Your muscles are strong. (Str +2) [potion of mutation]
  5029 | D:5      | Gained mutation: Your tail ends in a poisonous barb. [potion of mutation]
  5029 | D:5      | Gained mutation: Your flesh is heat resistant. (rF+) [potion of mutation]
  5190 | D:6      | Reached XP level 6. HP: 25/50 MP: 10/10
  5380 | D:6      | Lost mutation: Your flesh is heat resistant. (rF+) [potion of mutation]
  5380 | D:6      | Lost mutation: Scrolls take you a little longer to read. [potion of mutation]
  5380 | D:6      | Lost mutation: Your muscles are strong. (Str +2) [potion of mutation]
  5380 | D:6      | Lost mutation: Your tail ends in a poisonous barb. [potion of mutation]
  5380 | D:6      | Gained mutation: You have a pair of small antennae on your head. [potion of mutation]
  5380 | D:6      | Gained mutation: You evolve. [potion of mutation]
  5380 | D:6      | Gained mutation: You have large cloven feet. [potion of mutation]
  5405 | D:6      | Lost mutation: You have a pair of small antennae on your head. [potion of mutation]
  5405 | D:6      | Lost mutation: You evolve. [potion of mutation]
  5405 | D:6      | Lost mutation: You have large cloven feet. [potion of mutation]
  5405 | D:6      | Gained mutation: You have supernaturally acute eyesight. (SInv) [potion of mutation]
  5405 | D:6      | Gained mutation: Your flesh is heat resistant. (rF+) [potion of mutation]
  5405 | D:6      | Gained mutation: You are resistant to hostile enchantments. (MR+) [potion of mutation]
  5405 | D:6      | Gained mutation: You have a beak for a mouth. [potion of mutation]
  5504 | D:6      | Noticed Grinder
  5532 | D:6      | Killed Grinder
  5532 | D:6      | Reached skill level 1 in Stealth
  5532 | D:6      | Reached skill level 1 in Shields
  5532 | D:6      | Reached XP level 7. HP: 30/57 MP: 8/11
  5730 | D:6      | Noticed a steam dragon
  5732 | D:6      | Noticed a steam dragon
  5749 | D:6      | HP: 2/57 [steam dragon/ball of steam (7)]
  5755 | D:6      | Killed a steam dragon
  5755 | D:6      | Slain by a steam dragon

Skill      XL: |  1  2  3  4  5  6  7 |
---------------+----------------------+-----
Dodging        | 2 3 |  3.7
Axes           | 1 2 4 |  4.2
Fighting       | 2 3 |  3.1
Throwing       | 1 2 |  2.0
Unarmed Combat | 4 |  4.1
Transmutations | 4 |  4.5
Ice Magic      | 3 2 |  3.6
Spellcasting   | 3 |  3.2
Stealth        | 1 |  1.1
Shields        | 1 |  1.1
Short Blades   | |  0.2
Maces & Flails | |  0.3
Poison Magic   | |  0.1

Action                   |  1- 3 |  4- 6 |  7- 9 || total
-------------------------+-------+-------+-------++-------
Melee: Unarmed           |    33 |    21 |     2 ||    56
       Headbutt          |     4 |     8 |       ||    12
       Tailslap          |     7 |     9 |    19 ||    35
       Club              |    23 |       |       ||    23
       Hand axe          |    40 |   136 |   101 ||   277
       Short sword       |     7 |       |       ||     7
       Kick              |     2 |     8 |     5 ||    15
       Punch             |     1 |       |       ||     1
       Peck              |       |     1 |     7 ||     8
Throw: Tomahawk          |       |    30 |     6 ||    36
 Cast: Beastly Appendage |    11 |    20 |     8 ||    39
       Spider Form       |     2 |     1 |       ||     3
       Ice Form          |       |     2 |     1 ||     3
Invok: Sacrifice Experie |       |     1 |       ||     1
 Abil: Breathe Frost     |       |       |     2 ||     2
Evoke: Wand              |       |       |     1 ||     1
  Use: Scroll            |     3 |     3 |     1 ||     7
       Potion            |     1 |     6 |     3 ||    10
  Eat: Ration            |     1 |     3 |     1 ||     5
       Chunk             |       |     1 |       ||     1
Armor: Skin              |    50 |    64 |    14 ||   128
Dodge: Dodged            |   100 |   137 |    21 ||   258
Block: Buckler           |       |    29 |     9 ||    38
